 Dungeon Crawl Stone Soup version 0.20-a0-1122-gb7cbeb9 (webtiles) character file.

65 Spazmo the Magician (level 3, -4/20 HPs)
             Began as a Deep Elf Wizard on May 12, 2017.
             Slain by a gnoll
             ... wielding a +0 spear
              (7 damage)
             ... on level 2 of the Dungeon.
             The game lasted 00:05:38 (1456 turns).

Spazmo the Magician (Deep Elf Wizard)               Turns: 1456, Time: 00:05:39

Health: -4/20      AC:  2    Str:  4    XL:     3   Next: 92%
Magic:  1/12       EV: 13    Int: 23    God:
Gold:   68         SH:  0    Dex: 13    Spells: 7/13 levels left

rFire    . . .     SeeInvis .   e - +0 dagger
rCold    . . .     Gourm    .   (no shield)
rNeg     . . .     Faith    .   a - +0 robe
rPois    .         Spirit   .   b - +0 hat
rElec    .         Reflect  .   (no cloak)
rCorr    .         Harm     .   (no gloves)
MR       .....                  (no boots)
Stlth    ++........             (no amulet)
Regen    0.1/turn               (no ring)
MPRegen  0.2/turn               (no ring)

@: no status effects
A: no striking features
a: no special abilities


You were on level 2 of the Dungeon.
You were not hungry.

You visited 1 branch of the dungeon, and saw 2 of its levels.

You collected 68 gold pieces.

Inventory:

Hand Weapons
 e - a +0 dagger (weapon)
Armour
 a - a +0 robe (worn)
 b - a +0 hat (worn)
Scrolls
 g - a scroll of remove curse {unknown}
 i - a scroll of identify
Potions
 f - a potion of brilliance
 h - a potion of flight {unknown}
Books
 c - a book of Minor Magic

   Spells                             Type                      Level
   a - Magic Dart                     Conjuration                  1
   b - Blink                          Translocation                2
   c - Call Imp                       Summoning                    2
   d - Slow                           Hexes                        2
   e - Conjure Flame                  Conjuration/Fire             3
   f - Mephitic Cloud                 Conjuration/Poison/Air       3
Comestibles
 d - 2 bread rations


   Skills:
 + Level 0.5 Fighting
 + Level 2.8 Dodging
 - Level 2.5 Stealth
 + Level 5.6 Spellcasting
 + Level 2.3 Conjurations
   Level 1.1 Summonings
 - Level 1.1 Translocations


You had 7 spell levels left.
You knew the following spells:

 Your Spells              Type           Power        Failure   Level  Hunger
a - Magic Dart            Conj           ###.         3%          1    None
b - Blink                 Tloc           N/A          9%          2    None
c - Mephitic Cloud        Conj/Pois/Air  ##......     19%         3    ##.....


Dungeon Overview and Level Annotations

Branches:
Dungeon (2/15)

Altars:


Message History

The gnoll is moderately wounded.
The gnoll closely misses you.
Casting: Magic Dart
Confirm with . or Enter, or press ? or * to list all spells.
Aiming: Magic Dart
Press: ? - help, Shift-Dir - straight line, f/p - gnoll
Aim: a gnoll, wielding a spear and wearing a chain mail (moderately wounded)
The magic dart hits the gnoll.
The gnoll is moderately wounded.
The gnoll hits you from afar with a spear.
* * * LOW HITPOINT WARNING * * *
Casting: Magic Dart
Confirm with . or Enter, or press ? or * to list all spells.
Aiming: Magic Dart
Press: ? - help, Shift-Dir - straight line, f/p - gnoll
Aim: a gnoll, wielding a spear and wearing a chain mail (moderately wounded)
The magic dart hits the gnoll.
The gnoll is moderately wounded.
The gnoll hits you from afar with a spear!
You die...

.)...##
#######.######## .....#
..........#
.....#......####.#.#
#..).#..# ####.#.#
#..).#..# #....#.#
#..).#..# #.####.#
##+#.#..# #....#.# . #
#.#.#..# #....#.#.... #
#.#)#..# #...@.g).... .
#.#)#..###
#....†.###'### #
#........#
########..... #
###.#..#.# ..#.### # #
#.####.##########......
#.#
#............<....#.#
#..
######.#########..#.#
### #.# #..#.### r #.#
#..#...# ##


You could see a gnoll.

Vanquished Creatures
  Robin (D:2)
  2 gnolls (D:2)
  A dart slug (D:1)
  15 goblins
  3 hobgoblins (D:1)
  A kobold (D:1)
  3 ball pythons
  2 bats
  A frilled lizard (D:1)
  6 rats
35 creatures vanquished.

Notes
Turn   | Place    | Note
-------+----------+-------------------------------------------
     0 | D:1      | Spazmo the Deep Elf Wizard began the quest for the Orb.
     0 | D:1      | Reached XP level 1. HP: 10/10 MP: 7/7
   274 | D:1      | Reached XP level 2. HP: 15/15 MP: 5/9
   278 | D:1      | Learned a level 2 spell: Blink
   354 | D:1      | Reached skill level 5 in Spellcasting
  1037 | D:2      | Noticed Robin
  1148 | D:2      | Reached XP level 3. HP: 19/19 MP: 2/11
  1153 | D:2      | Learned a level 3 spell: Mephitic Cloud
  1261 | D:2      | Killed Robin
  1456 | D:2      | Slain by a gnoll

Vault maps used:
D:1:      kilobyte_arrival_exit_the_forest
D:2:      uniq_jessica, uniq_robin

Skill      XL: |  1  2  3 |
---------------+----------+-----
Spellcasting   | 5 |  5.6
Conjurations   | 2 |  2.3
Fighting       | |  0.5
Dodging        | |  2.8
Stealth        | |  2.5
Summonings     | |  1.1
Translocations | |  1.1

Action                   || total
-------------------------++-------
 Cast: Magic Dart        ||    94
  Use: Scroll            ||     3
       Potion            ||     2
  Eat: Chunk             ||     1
Dodge: Dodged            ||     6
